 Dungeon Crawl Stone Soup version 0.31-a0-233-g139696dc86 (webtiles) character file.

Game seed: 8879074380678234601

84 qw the Shooter (level 4, -18/26 HPs)
             Began as a Gargoyle Hexslinger on July 8, 2023.
             Demolished by an ogre
             ... wielding a +0 giant club
              (26 damage)
             ... on level 3 of the Dungeon.
             The game lasted 00:00:37 (1348 turns).

qw the Shooter (Gargoyle Hexslinger)                Turns: 1348, Time: 00:00:37

Health: -18/26     AC: 10    Str: 11    XL:     4   Next: 45%
Magic:  5/5        EV: 10    Int: 14    God:
Gold:   125        SH:  0    Dex: 14    Spells: 4/5 levels left

rFire   . . .        Y - +1 sling
rCold   . . .        (no shield)
rNeg    + . .        g - +0 ring mail
rPois   inf          (no helmet)
rElec   +            (no cloak)
rCorr   .            h - +0 pair of gloves
SInv    .            a - +0 pair of boots
Will    .....        (no amulet)
Stlth   +            (no ring)
HPRegen 0.24/turn    (no ring)
MPRegen 0.09/turn

%: no passive effects
@: no status effects
A: sickness immunity, AC +3, negative energy resistance 1, electricity
resistance, torment resistance 1, petrification resistance
a: no special abilities


You were on level 3 of the Dungeon.
You visited 1 branch of the dungeon, and saw 3 of its levels.

You collected 125 gold pieces.


Innate Abilities, Weirdness & Mutations

You are immune to sickness and miasma.
Your stone body is resilient. (AC +3)
You are immune to poison.
You resist negative energy. (rN+)
You are resistant to electric shocks. (rElec)
You are resistant to unholy torment.
You are immune to petrification.


   Skills:
 - Level 2.0 Fighting
 + Level 4.0 Ranged Weapons
 - Level 1.2 Armour
 - Level 1.5 Dodging
 - Level 1.0 Spellcasting
 - Level 2.6 Hexes


You had 4 spell levels left.
You knew the following spells:

 Your Spells              Type           Power      Damage    Failure   Level
a - Slow                  Hex            32%        N/A       21%         1

Your spell library contained the following spells:

 Spells                   Type           Power      Damage    Failure   Level
 Inner Flame              Hex/Fire       4%         N/A       71%         3
 Portal Projectile        Hex/Tloc       8%         N/A       71%         3
 Cause Fear               Hex            4%         N/A       90%         4

Inventory:

Hand Weapons
 Y - a +1 sling (weapon)
Armour
 a - a +0 pair of boots (worn)
 g - a +0 ring mail (worn)
 h - a +0 pair of gloves (worn)
Scrolls
 b - a scroll of immolation {unknown}
Potions
 d - a potion of heal wounds
 e - a potion of haste {unknown}

Dungeon Overview and Level Annotations

Branches:
Dungeon (3/15)

Altars:


Message History

You shoot a sling bullet. The gnoll shouts!
The sling bullet hits the orc but does no damage.
The orc is heavily wounded.
The orc closely misses you. The gnoll closely misses you.
You shoot a sling bullet. The sling bullet hits the orc.
You kill the orc!
The gnoll closely misses you. The gnoll hits you but does no damage.
Your Ranged Weapons skill increases to level 4!
You shoot a sling bullet. The sling bullet hits the gnoll.
The gnoll is moderately wounded.
The gnoll barely misses you. x2; The gnoll closely misses you.
The gnoll hits you with a +0 whip. The gnoll closely misses you.
The ogre barely misses you.
You shoot a sling bullet. The sling bullet hits the gnoll.
The gnoll is heavily wounded.
The gnoll hits you but does no damage. The gnoll barely misses you.
The gnoll hits you but does no damage. The ogre misses you.
You shoot a sling bullet. The sling bullet hits the gnoll.
The gnoll is heavily wounded.
The gnoll hits you but does no damage. x2; The hobgoblin barely misses you.
The gnoll hits you with a +0 flail.
You shoot a sling bullet.
The sling bullet hits the gnoll but does no damage.
The gnoll is heavily wounded.
The gnoll hits you with a +0 whip. The gnoll barely misses you.
The ogre closely misses you.
The hobgoblin hits you with a +0 long sword.
A gnoll comes into view. It is wielding a +0 whip.
The gnoll closely misses you.
The gnoll hits you from afar with a +0 spear.
The gnoll hits you with a +0 whip. The hobgoblin barely misses you.
The gnoll hits you with a +0 flail.
You shoot a sling bullet. The gnoll shouts!
The sling bullet hits the gnoll.
You kill the gnoll!
The ogre hits you with a +0 giant club!!
Ouch! That really hurt!
You die...

.........# ........g#
. .<.......# ..
......... ...
......).. ....
......gg##.....
......gO...# ####
#gg@# #..# ###)# #.##
#.# #.## ####.# #..#
#<##.#### ##.########
#.##....####....#..^.
#.#####?#............
#.............#.#....
####.###......#.#....


You could see an ogre, 5 gnolls and a hobgoblin.

Vanquished Creatures
  2 gnolls (D:3)
  3 adders (D:2)
  An orc (D:3)
  6 endoplasms
  4 goblins
  2 hobgoblins (D:2)
  10 jackals
  3 kobolds
  2 ball pythons
  5 bats
  3 frilled lizards
  3 rats
44 creatures vanquished.

Notes
Turn   | Place    | Note
-------+----------+-------------------------------------------
     0 | D:1      | qw the Gargoyle Hexslinger began the quest for the Orb.
     0 | D:1      | Reached XP level 1. HP: 12/12 MP: 2/2
     0 | D:1      | 0 ||| qw: Version: 0.3-a-46-gb1f654a
     0 | D:1      | 0 ||| qw: Game counter: 3646
     0 | D:1      | 0 ||| qw: Melee chars always use a shield: true
     0 | D:1      | 0 ||| qw: God list: Okawaru
     0 | D:1      | 0 ||| qw: Allow faded altars: false
     0 | D:1      | 0 ||| qw: Do Orc after clearing Dungeon:15 true
     0 | D:1      | 0 ||| qw: Do second Lair branch before Depths: true
     0 | D:1      | 0 ||| qw: Lair rune preference: random
     0 | D:1      | 0 ||| qw: Goals: Normal
     0 | D:1      | 0 ||| PLANNING D:1-11
   455 | D:1      | Reached XP level 2. HP: 16/16 MP: 3/3
   487 | D:1      | Reached skill level 3 in Ranged Weapons
   665 | D:1      | 665 ||| UPGRADING to +0 ring mail.
   675 | D:1      | 675 ||| DROPPING +0 robe.
   676 | D:1      | 676 ||| UPGRADING to +0 pair of gloves.
   681 | D:1      | 681 ||| READING scroll labelled TEASCH RARHI.
   684 | D:1      | 684 ||| READING scroll labelled QAROELUIXA.
   685 | D:1      | 685 ||| DRINKING 2 cyan potions.
   686 | D:1      | 686 ||| DROPPING scroll of poison.
   776 | D:2      | Reached XP level 3. HP: 21/21 MP: 4/4
   784 | D:2      | Reached skill level 1 in Armour
   916 | D:2      | You fall into a shaft and drop 1 floor!
   925 | D:3      | 925 ||| READING scroll labelled HAEBRIR REBIRE.
  1005 | D:2      | Reached XP level 4. HP: 26/26 MP: 5/5
  1158 | D:2      | 1158 ||| UPGRADING to +0 pair of boots.
  1339 | D:3      | Noticed an ogre
  1344 | D:3      | Reached skill level 4 in Ranged Weapons
  1348 | D:3      | Demolished by an ogre

Levels and vault maps discovered:
D:1:      mrwooster_arrival_arrow, layout_basic, chequers_serial_rivers_marsh
D:2:      layout_basic, hangedman_decor_clover_reticule, minmay_tetromino_i2
D:3:      layout_basic, doesnt_xom_only_xom, serial_park_tiny_pond,
          minmay_misc_feat_nine_boxes, uniq_grinder

Skill      XL: |  1  2  3  4 |
---------------+-------------+-----
Ranged Weapons | 3 4 |  4.0
Fighting       | 2 |  2.0
Armour         | 1 |  1.2
Dodging        | |  1.5
Spellcasting   | |  1.0
Hexes          | |  2.6

Action                     |  1- 3 |  4- 6 || total
---------------------------+-------+-------++-------
   Fire: Sling             |   119 |    47 ||   166
    Use: Scroll            |     3 |       ||     3
         Potion            |     1 |       ||     1
 Armour: Robe              |    13 |       ||    13
         Ring mail         |    30 |    15 ||    45
  Dodge: Dodged            |    59 |    32 ||    91

Table legend:
 A = Non-vault XP
 B = Vault XP
 C = Vault XP percentage of total XP
 D = Non-vault monster count
 E = Vault monster count
 F = Vault count percentage of total count
                 A         B        C        D         E       F
            +---------+---------+-------+---------+---------+-------
      Total |     132 |       3 |   2.2 |      42 |       2 |   4.5
            +---------+---------+-------+---------+---------+-------
        D:1 |      28 |       0 |   0.0 |      18 |       0 |   0.0
        D:2 |      66 |       3 |   4.3 |      18 |       2 |  10.0
        D:3 |      38 |       0 |   0.0 |       6 |       0 |   0.0
            +---------+---------+-------+---------+---------+-------
